Map: 트라이튼 - 래더

Players

Rogue - Winner!

  • Race: Zerg Zerg
  • Spawn Location: 5:00

Armani

  • Race: Zerg Zerg
  • Spawn Location: 11:00

Event: IEM Katowice 2020

VOD

Have the link to the VOD?

Description

Time

  • Played on: Feb. 27, 2020, 12:46 p.m.
  • Length: 6:18

All games in this series

Show
View Real Time Build Order
Export as new Build Order

Rogue Zerg - Winner!

Build Orders: Hatch First 

Get SALT Encoding   

  12  0:00  Drone  
  13  0:12  Overlord  
  13  0:16  Drone  
  14  0:30  Drone x2  
  16  0:47  Hatchery  
  15  0:50  Drone  
  15  0:54  Drone  
  17  0:57  Drone  
  18  1:07  Extractor  
  17  1:12  Spawning Pool  
  17  1:15  Drone  
  18  1:18  Drone  
  18  1:27  Drone  
  19  1:39  Drone  
  20  1:50  Drone  
  21  1:59  Queen  
  21  2:00  Queen  
  21  2:01  Zergling x2, Overlord  
  26  2:10  Drone  
  26  2:11  Drone, Metabolic Boost  
  28  2:21  Drone x2  
  30  2:33  Hatchery  
  30  2:35  Drone  
  30  2:38  Drone  
  30  2:43  Queen  
  33  2:50  Baneling Nest  
  32  2:53  Overlord  
  32  2:56  Drone  
  33  2:59  Drone  
  33  3:00  Drone  
  33  3:04  Drone  
  36  3:11  Drone  
  36  3:12  Drone x3  
  40  3:14  Zergling x2  
  40  3:15  Zergling x2  
  40  3:19  Overlord  
  42  3:22  Drone  
  42  3:25  Evolution Chamber  
  42  3:27  Drone  
  42  3:32  Drone  
  44  3:41  Drone x2  
  44  3:42  Drone x2  
  44  3:46  Extractor, Roach Warren  
  44  3:48  Extractor  
  45  3:49  Zergling x4  
  47  3:58  Drone  
  47  3:59  Baneling  
  47  4:01  Drone x3  
  51  4:03  Overlord  
  51  4:07  Overlord  
  51  4:18  Drone  
  51  4:19  Roach Warren  
  51  4:20  Overlord  
  51  4:23  Drone  
  52  4:28  Roach x3  
  52  4:30  Roach x2  
  61  4:32  Roach  
  61  4:34  Roach  
  61  4:37  Roach  
  67  4:39  Roach  
  67  4:42  Roach  
  67  4:44  Roach  
  73  4:48  Overlord  
  73  4:49  Roach x2  
  73  4:50  Zergling x2  
  73  4:52  Zergling x2  
  80  4:58  Zergling x2  
  81  5:03  Overlord  
  81  5:05  Baneling x8  
  81  5:07  Zergling x6  
  81  5:09  Zergling x2  
  81  5:10  Zergling x2  
  81  5:12  Zergling x2  
  81  5:13  Zergling x2  
  88  5:15  Zergling x2  
  88  5:18  Overlord  
  88  5:21  Overlord  
  89  5:23  Zergling x2  
  89  5:24  Zergling x2  
  89  5:28  Zergling x2  
  91  5:29  Zergling x2  
  91  5:32  Zergling x2  
  91  5:34  Zergling x2  
  90  5:41  Zergling x14  
  90  5:42  Zergling x2  
  94  5:43  Ravager  
  94  5:45  Zergling x2  
  94  5:49  Zergling x2  
  92  5:50  Zergling x2  
  92  5:52  Zergling x2  
  92  5:53  Zergling x2  
  92  5:54  Zergling x2  
  92  5:57  Zergling x2  
  92  5:59  Ravager  
  92  6:00  Zergling x2, Ravager  
  92  6:01  Zergling x2  
  92  6:02  Baneling x4  
  92  6:03  Ravager  
  92  6:05  Ravager  
  95  6:12  Ravager  
  95  6:14  Ravager  
Show
View Real Time Build Order
Export as new Build Order

Armani Zerg 

Build Orders: Hatch First 

Get SALT Encoding   

  12  0:00  Drone  
  13  0:12  Overlord  
  13  0:17  Drone  
  14  0:30  Drone  
  14  0:31  Drone  
  16  0:48  Hatchery  
  15  0:51  Drone  
  15  0:55  Drone  
  17  0:58  Drone  
  18  1:10  Extractor  
  17  1:14  Spawning Pool  
  17  1:16  Drone  
  17  1:20  Drone  
  18  1:28  Drone  
  19  1:39  Drone  
  20  1:48  Overlord  
  20  2:01  Queen x2  
  20  2:03  Drone x2  
  26  2:10  Metabolic Boost  
  26  2:12  Drone x2  
  28  2:21  Drone  
  28  2:22  Drone  
  30  2:33  Hatchery  
  30  2:36  Drone  
  30  2:42  Queen  
  32  2:47  Drone  
  32  2:51  Baneling Nest  
  32  2:55  Overlord  
  32  2:57  Zergling x2  
  33  3:00  Drone  
  33  3:02  Drone  
  33  3:05  Drone  
  36  3:11  Evolution Chamber  
  35  3:15  Zergling x6  
  35  3:17  Zergling x2  
  39  3:21  Drone x2  
  39  3:24  Drone  
  39  3:25  Drone  
  43  3:29  Overlord  
  43  3:33  Drone  
  44  3:37  Zerg Melee Weapons Level 1  
  44  3:38  Baneling  
  44  3:39  Extractor  
  43  3:41  Drone  
  43  3:45  Drone x2  
  43  3:47  Drone x2  
  47  3:49  Drone  
  47  3:52  Drone  
  47  3:54  Overlord  
  49  4:01  Roach Warren  
  49  4:02  Drone  
  49  4:07  Lair  
  49  4:10  Drone  
  49  4:13  Drone x2  
  49  4:16  Extractor  
  51  4:17  Extractor, Drone  
  51  4:19  Drone  
  51  4:20  Drone  
  51  4:22  Drone  
  54  4:25  Drone  
  54  4:30  Drone x3  
  58  4:31  Drone  
  58  4:34  Drone x2  
  58  4:38  Drone x3  
  64  4:42  Overlord  
  64  4:43  Drone  
  64  4:45  Overlord  
  64  4:51  Extractor  
  63  4:53  Extractor, Drone  
  63  4:54  Drone  
  65  5:00  Zergling x4  
  65  5:01  Baneling  
  65  5:04  Zergling x14  
  65  5:05  Zergling x2  
  74  5:11  Spine Crawler  
  74  5:13  Spine Crawler  
  72  5:18  Spine Crawler  
  72  5:20  Spine Crawler  
  70  5:22  Baneling x3  
  70  5:23  Baneling  
  65  5:40  Zergling x22  
  72  5:48  Spire  
  65  5:50  Zergling x2  
  65  5:51  Zergling x2  
  65  5:53  Zergling x2  
  60  5:59  Zergling x4  

Tags
 
Add a new tag
Caveats
  • Supply blocks, unpowered buildings, or Contaminate may cause inaccurate times.
  • Supply counts are checked every 10 seconds.